 Dungeon Crawl Stone Soup version 0.29.1-14-g9c671dbff4 (webtiles) character file.

Game seed: 15187616660592807968

3130 FexLirch the Thaumaturge (level 9, -4/61 HPs)
             Began as a Mummy Necromancer on Feb 14, 2023.
             Was a Priest of Kikubaaqudgha.
             Slain by a wight
             ... wielding a +2 scimitar
              (9 damage)
             ... on level 8 of the Dungeon on Feb 15, 2023.
             The game lasted 00:33:06 (8454 turns).

FexLirch the Thaumaturge (Mummy Necromancer)        Turns: 8454, Time: 00:33:07

Health: -4/61      AC:  3    Str: 21    XL:     9   Next: 61%
Magic:  4/23       EV: 12    Int: 19    God:    Kikubaaqudgha [***...]
Gold:   312        SH:  9    Dex: 12    Spells: 2/29 levels left

rFire   . . .      SeeInvis .   m - +5 whip "Poaklaiwk" {drain, rElec Will- Str+4}
rCold   + . .      Faith    .   s - +0 buckler
rNeg    + + +      Spirit   .   a - +0 robe
rPois   ∞          Reflect  +   (no helmet)
rElec   +          Harm     .   j - +0 cloak
rCorr   .          Rampage  .   (no gloves)
Will    .....                   (no boots)
Stlth   ++........              w - amulet of reflection
HPRegen 0.20/turn               v - +6 ring of strength
MPRegen 0.18/turn               x - ring of protection from fire

@: death channelling, animating dead
A: cold resistance 1, negative energy resistance 3, torment resistance 2, heat
vulnerability 1, in touch with death 1, no potions
a: Renounce Religion, Unearth Wretches


You were on level 8 of the Dungeon.
You worshipped Kikubaaqudgha.
Kikubaaqudgha was most pleased with you.
You visited 2 branches of the dungeon, and saw 9 of its levels.
You also visited: Ossuary.

You collected 384 gold pieces.
You spent 72 gold pieces at shops.

Inventory:

Hand Weapons
 d - a +0 mace
 e - a +0 short sword
 h - a +0 sling
 m - the +5 whip "Poaklaiwk" (weapon) {drain, rElec Will- Str+4}
   (You found it on level 2 of the Dungeon)

   A truly terrible weapon, it drains the life of any living foe it strikes.
   Str:       It affects your strength (+4).
   rElec:     It insulates you from electricity.
   Will:      It decreases your willpower.
 o - a +0 spear of venom
 r - a +1 short sword of speed
 G - a +1 whip of electrocution
Missiles
 z - 4 silver boomerangs
Armour
 a - a +0 robe (worn)
 b - a +0 leather armour
 j - a +0 cloak (worn)
 s - a +0 buckler (worn)
 y - a +0 ring mail
 F - an orb of energy
Jewellery
 v - a +6 ring of strength (left hand)
 w - an amulet of reflection (around neck)
 x - a ring of protection from fire (right hand)
 B - a ring of wizardry
Wands
 u - a wand of charming (9)
 C - a wand of quicksilver (11)
Scrolls
 c - 3 scrolls of fear
 f - 2 scrolls of brand weapon
 g - 8 scrolls of teleportation
 i - 3 scrolls of noise
 k - 2 scrolls of enchant armour
 l - a scroll of silence {unknown}
 n - 6 scrolls of vulnerability
 p - 2 scrolls of magic mapping
 q - 2 scrolls of butterflies
 t - 2 scrolls of blinking
 A - 2 scrolls of enchant weapon
 E - a scroll of summoning
 H - a scroll of poison {unknown}


   Skills:
 + Level 2.2 Fighting
 + Level 2.5 Dodging
 - Level 1.5 Stealth
 + Level 1.8 Shields
 + Level 10.6 Spellcasting
 + Level 2.6 Hexes
 + Level 9.5 Necromancy
 + Level 1.5 Earth Magic


You had 2 spell levels left.
You knew the following spells:

 Your Spells              Type           Power      Damage    Failure   Level
a - Necrotise             Necr           100%       1d9       1%          1
b - Vampiric Draining     Necr           63%        2d10      1%          3
c - Animate Dead          Necr           63%        N/A       1%          4
d - Agony                 Necr           63%        N/A       4%          5
e - Anguish               Hex/Necr       25%        N/A       8%          4
f - Dispel Undead         Necr           63%        3d22      1%          4
g - Death Channel         Necr           31%        N/A       28%         6

Your spell library contained the following spells:

 Spells                   Type           Power      Damage    Failure   Level
 Tukima's Dance           Hex            20%        N/A       10%         3
 Borgnjor's Vile Clutch   Necr/Erth      23%        N/A       26%         5
 Conjure Flame            Conj/Fire      10%        6-21      28%         3
 Ignite Poison            Fire/Tmut/Pois 10%        N/A       28%         3
 Passage of Golubria      Tloc           10%        N/A       67%         4
 Sticky Flame             Conj/Fire      10%        2d3       67%         4
 Yara's Violent Unravell  Hex/Tmut       7%         3d5       83%         5
 Simulacrum               Ice/Necr       21%        N/A       89%         6


Dungeon Overview and Level Annotations

Branches:
Dungeon (8/15)             Temple (1/1) D:5         Ossuary (visited)
   Lair: D:8-11

Altars:
Ashenzari
Cheibriados
Dithmenos
Fedhas
Gozag
Kikubaaqudgha
Makhleb
Nemelex Xobeh
Qazlal
Ru
Sif Muna
Trog
Vehumet
Wu Jian
Xom
Yredelemnul

Shops:
D:1 *

Annotations:
D:5 3 runed translucent doors, Loveship's ghost, amateur NaVM; Sigmund
D:7 exclusion: downstairs
D:8 Gastronok; Maggie


Innate Abilities, Weirdness & Mutations

You are immune to poison.
Your flesh is cold resistant. (rC+)
You are immune to negative energy. (rN+++)
You are immune to unholy pain and torment.
You are vulnerable to heat. (rF-)
You are in touch with the powers of death.
You do not drink.


Message History

The wight is severely damaged.
The wight hits you with a +0 scimitar!
You hit the wight.
You destroy the wight!
Kikubaaqudgha accepts your kill. The wight misses you.
You hit the wight.
The wight is moderately damaged.
The wight hits you but does no damage.
You closely miss the wight.
The wight is moderately damaged.
The wight barely misses you.
You hit the wight but do no damage.
The wight is moderately damaged.
The wight hits you with a +2 scimitar!
You hit the wight but do no damage.
The wight is moderately damaged.
The wight hits you with a +2 scimitar.
* * * LOW HITPOINT WARNING * * *
You hit the wight.
The wight is heavily damaged.
The wight hits you with a +2 scimitar.
* * * LOW HITPOINT WARNING * * *
Your magical contamination has completely faded away.
You hit the wight.
The wight is severely damaged.
You hear the steady creaking of a distant portcullis.
The wight hits you with a +2 scimitar!
* * * LOW HITPOINT WARNING * * *
You can't drink.
Unknown command.
Unknown command.
You hit the wight but do no damage.
The wight is severely damaged.
You block the wight's attack.
You closely miss the wight.
The wight is severely damaged.
The wight hits you with a +2 scimitar!
You die...
Kikubaaqudgha rasps: "You have failed me!
Welcome... oblivion!"

># #.# # ####.# .. ....##
... .!...####.... ####
##.##.........
#..########..###<.######
#............)).........
###.#########@####.######.
#.....#######z# #.#
###.###......##g# ..#
#...# ######.#.g# ###
#w.... ##.### #...## .#
#..... .o.# ###.###.#
#.c... #### #..>..# ##....
# #...### #..... # #...#
#.....


You could see a wight and 2 goblins.

Vanquished Creatures
  An acid dragon (D:7)
  3 water moccasins
  2 ice beasts
  A black bear (D:5)
  An orc warrior (D:8)
  A sky beast (D:7)
  An ogre (D:6)
  2 phantoms
  5 kobold brigands
  5 scorpions
  A wight (D:8)
  A howler monkey (D:4)
  2 gnoll boudas
  4 hounds
  3 jellies
  2 orc priests
  3 iguanas
  5 orc wizards
  10 mummies (Ossuary)
  10 gnolls
  7 adders
  2 shadow imps (D:7)
  A white imp (D:6)
  An ufetubus (D:6)
  A dart slug (D:2)
  32 orcs
  7 endoplasms
  3 giant cockroaches
  8 goblins
  9 hobgoblins
  4 jackals
  19 kobolds
  5 quokkas
  3 ball pythons
  5 bats
  2 frilled lizards (D:2)
  2 gnoll skeletons (Ossuary)
  3 goblin skeletons (Ossuary)
  2 kobold skeletons (Ossuary)
  An orc skeleton (Ossuary)
  6 rats
  11 rat skeletons (Ossuary)
197 creatures vanquished.

Vanquished Creatures (collateral kills)
  A bullfrog (D:7)
  A jelly (D:5)
  A hound (D:5)
  A scorpion zombie (D:5)
  A mummy (Ossuary)
  An adder (D:5)
  A shadow imp (D:7)
  2 ufetubi
  A worm (D:2)
  An orc (D:4)
  An endoplasm (D:4)
  A goblin (D:4)
  A jackal (D:5)
  A bat (D:3)
  2 kobolds
  2 rats (D:1)
19 creatures vanquished.

Vanquished Creatures (others)
  An orc warrior (D:7)
  A water moccasin zombie (D:5)
  An orc priest (D:7)
  A scorpion zombie (D:5)
  An ice beast zombie (D:7)
  2 gnolls (D:7)
  2 adder zombies
  2 gnoll zombies
  An iguana zombie (D:6)
  A jelly zombie (D:5)
  12 kobold zombies (D:6)
  12 orc zombies
  37 plants (D:8)
74 creatures vanquished.

Grand Total: 290 creatures vanquished

Notes
Turn   | Place    | Note
-------+----------+-------------------------------------------
     0 | D:1      | FexLirch the Mummy Necromancer began the quest for the Orb.
     0 | D:1      | Reached XP level 1. HP: 13/13 MP: 4/4
   195 | D:1      | Reached skill level 3 in Spellcasting
   265 | D:1      | Reached XP level 2. HP: 19/19 MP: 1/6
   311 | D:1      | Found Omeuh's General Store.
   654 | D:1      | Found a faded altar of an unknown god.
  1372 | D:2      | Identified the +5 whip "Poaklaiwk" {drain, rElec Will-
                  | Str+4}
  1418 | D:2      | Gained mutation: You are in touch with the powers of death.
                  | [Mummy growth]
  1418 | D:2      | Reached XP level 3. HP: 22/24 MP: 1/8
  1887 | D:2      | Reached skill level 4 in Spellcasting
  2043 | D:1      | Bought a +0 spear of venom for 72 gold pieces
  2477 | D:3      | Reached XP level 4. HP: 28/30 MP: 5/10
  2730 | D:3      | Reached skill level 5 in Necromancy
  2852 | D:3      | Found a stormy altar of Qazlal.
  2861 | D:3      | Found an opulent altar of Gozag.
  3009 | D:3      | Learned a level 3 spell: Vampiric Draining
  3014 | D:3      | Learned a level 4 spell: Animate Dead
  3171 | D:4      | Reached XP level 5. HP: 32/35 MP: 7/12
  3175 | D:4      | Reached skill level 5 in Spellcasting
  3338 | D:4      | Noticed a phantom
  3400 | D:4      | Reached XP level 6. HP: 22/41 MP: 10/14
  3474 | D:4      | Learned a level 5 spell: Agony
  3598 | D:4      | Reached skill level 6 in Spellcasting
  4083 | D:5      | Entered Level 5 of the Dungeon
  4089 | D:5      | Noticed Sigmund
  4150 | D:5      | Reached XP level 7. HP: 29/46 MP: 6/17
  4265 | D:5      | Found a staircase to the Ecumenical Temple.
  4341 | D:5      | Reached skill level 7 in Spellcasting
  4407 | Temple   | Entered the Ecumenical Temple
  4432 | Temple   | Became a worshipper of Kikubaaqudgha
  4537 | D:5      | Reached skill level 8 in Spellcasting
  4817 | D:5      | Found a runed translucent gate.
  4818 | D:5      | Found a runed translucent gate.
  4819 | D:5      | Found a runed translucent gate.
  4820 | D:5      | Noticed Loveship's ghost (amateur NaVM)
  4938 | D:5      | Reached XP level 8. HP: 34/52 MP: 16/20
  5177 | D:6      | Reached * piety under Kikubaaqudgha
  5177 | D:6      | Received a gift from Kikubaaqudgha
  5194 | D:6      | Reached skill level 9 in Spellcasting
  5652 | D:6      | Learned a level 4 spell: Anguish
  5692 | D:6      | Reached ** piety under Kikubaaqudgha
  5798 | D:6      | Reached skill level 10 in Spellcasting
  6070 | D:7      | Reached skill level 1 in Hexes
  6133 | D:7      | Found a sand-covered staircase.
  6192 | Ossuary  | Entered an ossuary
  6239 | Ossuary  | Reached XP level 9. HP: 39/57 MP: 23/23
  6762 | Ossuary  | Reached *** piety under Kikubaaqudgha
  6762 | Ossuary  | Received a gift from Kikubaaqudgha
  6792 | Ossuary  | Learned a level 4 spell: Dispel Undead
  6953 | D:7      | Learned a level 6 spell: Death Channel
  6981 | D:7      | Reached skill level 1 in Fighting
  7177 | D:7      | Reached skill level 1 in Shields
  7330 | D:7      | Reached skill level 1 in Earth Magic
  8320 | D:8      | Noticed Maggie
  8354 | D:8      | Noticed Gastronok
  8454 | D:8      | Slain by a wight

Illustrated notes

Levels and vault maps discovered:
D:1:      minmay_arrival_stair_chambers, layout_basic,
          chequers_ecumenical_altar_simple_redux, serial_shops, shop_fountains,
          chequers_serial_rivers_small_3, kennysheep_small_spiral
D:2:      layout_basic
D:3:      layout_basic, mainiacjoe_overflow_swirl
D:4:      layout_basic, hangedman_decor_opposing
D:5:      layout_loops_ring, minmay_temple_entry_proselytizer,
          gammafunk_ghost_necromancy, nrook_mini_backslash,
          chequers_serial_rivers_micro_a, hangedman_minor_gate_pass,
          uniq_sigmund
D:6:      layout_gridville
D:7:      layout_basic, enter_ossuary_1, kennysheep_crisscross,
          serial_park_tiny_pond, minmay_quadrilaterals
D:8:      gammafunk_corrupted_shrine, layout_rooms, david_lair_shrubbed,
          lightli_bailey_entry_fortress, uniq_gastronok, uniq_prince_ribbit1,
          uniq_maggie, uniq_joseph
Temple:   nicolae_temple_bog_church

Skill      XL: |  1  2  3  4  5  6  7  8  9 |
---------------+----------------------------+-----
Spellcasting   | 3 4 5 6 8 10 | 10.6
Necromancy     | 5 6 7 9 |  9.5
Hexes          | 1 2 |  2.6
Fighting       | 2 |  2.2
Dodging        | 2 |  2.5
Shields        | 1 |  1.8
Earth Magic    | 1 |  1.5
Stealth        | |  1.5

Action                   |  1- 3 |  4- 6 |  7- 9 || total
-------------------------+-------+-------+-------++-------
Melee: Mace              |     5 |       |       ||     5
       Whip              |       |    37 |   169 ||   206
       Spear             |       |    17 |   167 ||   184
 Fire: Sling             |    73 |    22 |     5 ||   100
 Cast: Necrotise         |    39 |    44 |    57 ||   140
       Animate Dead      |       |     2 |    12 ||    14
       Vampiric Draining |       |     6 |    36 ||    42
       Anguish           |       |       |     6 ||     6
       Dispel Undead     |       |       |     1 ||     1
       Death Channel     |       |       |     1 ||     1
Evoke: Wand              |       |       |     1 ||     1
  Use: Scroll            |     4 |     1 |     6 ||    11
 Stab: Sleeping          |       |     1 |     3 ||     4
Armor: Robe              |     4 |     7 |    28 ||    39
Dodge: Dodged            |    28 |    46 |   109 ||   183
Block: Other             |       |     6 |    18 ||    24
       Buckler           |       |       |    64 ||    64
